 Dungeon Sprint DCSS version 0.21-a0-91-ga5031da (webtiles) character file.

26789 Kidiri the Eclecticist (level 13, -7/82 HPs)
             Began as a Deep Elf Fire Elementalist on June 30, 2017.
             Was the Champion of Vehumet.
             Mangled by an anaconda (15 damage)
             ... in the Dungeon (Sprint III: "The Ten Rune Challenge").
             The game lasted 00:25:38 (5766 turns).

Kidiri the Eclecticist (Deep Elf Fire Elementalist) Turns: 5766, Time: 00:25:39

Health: -7/82      AC:  3    Str:  5    XL:     13   Next: 0%
Magic:  15/38      EV: 22    Int: 28    God:    Vehumet [******]
Gold:   5058       SH:  0    Dex: 15    Spells: 20/51 levels left

rFire    . . .     SeeInvis .   s - +2 rapier (elec)
rCold    . . .     Gourm    .   (no shield)
rNeg     . . .     Faith    .   a - +0 robe
rPois    .         Spirit   .   (no helmet)
rElec    .         Reflect  .   (no cloak)
rCorr    .         Harm     .   (no gloves)
MR       +....     NoTele   +   (no boots)
Stlth    ++........             (no amulet)
HPRegen  0.23/turn              (no ring)
MPRegen  0.26/turn              (no ring)

@: very slightly contaminated, hasted, very quick
A: claws 1, clever 1, shaggy fur 1
a: Renounce Religion


You were in the Dungeon.
You worshipped Vehumet.
Vehumet was exalted by your worship.
You were completely stuffed.

You visited 1 branch You collected 5058 gold pieces.

Inventory:

Hand Weapons
 j - a +0 dagger
 s - a +2 rapier of electrocution (weapon)
 t - a cursed -1 rapier
Armour
 a - a +0 robe (worn)
Wands
 b - a wand of polymorph (7/24)
Scrolls
 l - a scroll of torment
 m - 3 scrolls of remove curse
 p - a scroll of immolation
 q - a scroll of amnesia {unknown}
Potions
 d - 3 potions of curing
 g - a potion of magic
 h - 2 potions of berserk rage
 o - a potion of invisibility
 r - 2 potions of mutation
Comestibles
 c - 2 bread rations
 k - 16 royal jellies
 n - 4 chunks of flesh


   Skills:
 + Level 9.9 Fighting
 + Level 11.2 Short Blades
 + Level 9.9 Armour
 + Level 13.8 Dodging
 - Level 2.4 Stealth
 * Level 19.9 Spellcasting
 + Level 12.7 Conjurations
 + Level 12.9 Fire Magic
 + Level 7.4 Air Magic
 + Level 4.6 Earth Magic
 + Level 10.9 Poison Magic


You had 20 spell levels left.
You knew the following spells:

 Your Spells              Type           Power        Failure   Level  Hunger
a - Flame Tongue          Conj/Fire      #####        0%          1    None
b - Throw Flame           Conj/Fire      ######       0%          2    None
c - Conjure Flame         Conj/Fire      #######.     0%          3    None
d - Inner Flame           Hex/Fire       ######..     1%          3    None
e - Sticky Flame          Conj/Fire      #######.     1%          4    None
f - Fireball              Conj/Fire      #######...   1%          5    None
g - Lightning Bolt        Conj/Air       ######....   1%          5    None
h - Iron Shot             Conj/Erth      ######....   1%          6    None
i - Sting                 Conj/Pois      ####         0%          1    None
j - Magic Dart            Conj           ####         0%          1    None


Dungeon Overview and Level Annotations

Branches:
Dungeon (1/1)

Altars:
Cheibriados
Dithmenos
Elyvilon
Fedhas
Gozag
Hepliaklqana
Kikubaaqudgha
Makhleb
Nemelex Xobeh
Okawaru
Qazlal
Ru
Sif Muna
Trog
Uskayaw
Vehumet
Wu Jian
Xom
Yredelemnul
Zin
The Shining One
Beogh
Jiyva
Lugonu

Shops:
D %

Annotations:
D exclusion: 5 doors, Urug


Innate Abilities, Weirdness & Mutations

You have sharp fingernails.
Your mind is acute. (Int +2)
You are covered in fur. (AC +1)


Message History

Aim: an anaconda (almost dead, covered in liquid flames, chance to defeat MR: 87%)
The anaconda is filled with an inner flame.
The anaconda burns!
You hear an explosion!
Vehumet accepts your kill.
You feel your power returning.
You have reached level 13!
You feel a bit more experienced.
You see here a black mamba skeleton.
Casting: Inner Flame
Confirm with . or Enter, or press ? or * to list all spells.
Aiming: Sticky Flame
Press: ? - help, Shift-Dir - straight line, f - anaconda
Aim: an anaconda (severely wounded)
Okay, then.
Unknown command.
Okay, then.
You feel yourself speed up. The anaconda completely misses you. x3
The anaconda bites you!
You die...

+≈≈≈≈§§≈≈.♣♣.....♣♣♣♣≈≈
#≈≈≈§§.§≈.♣♣.≈≈≈≈'♣♣'♣≈
#≈.≈≈§§≈.≈≈'.....#.≈♣♣♣
#≈≈.§§§≈≈≈♣♣♣♣♣♣♣#..♣♣
#≈≈≈.≈≈≈.≈♣ ###+♣♣
##+####'#######♣
♣♣♣♣.##
........)......♣♣
♣...##.
#+#############'♣
♣♣.##.# #≈....@......♣
♣..#.#
.+≈≈..S########♣♣
♣♣.##.
J.#≈≈†.§.........♣
♣♣.##.
..#≈≈≈≈§.S.......♣
♣..... #
###########'#### ######
#.†..†... #........
#########


You could see an anaconda.

Vanquished Creatures
  Rupert (D)
  A deep elf master archer (D)
  2 deep elf demonologists (D)
  A deep elf annihilator (D)
  Josephine (D)
  2 deep elf high priests (D)
  3 anacondas (D)
  A centaur warrior (D)
  4 death yaks (D)
  2 orc high priests (D)
  A deep elf knight (D)
  An unseen horror (D)
  A lindwurm (D)
  6 deep elf magi (D)
  2 black mambas (D)
  2 spiny frogs (D)
  A rime drake (D)
  A komodo dragon (D)
  A queen bee (D)
  3 wandering mushrooms (D)
  2 tyrant leeches (D)
  8 blink frogs (D)
  A shadow (D)
  3 redbacks (D)
  A spatial vortex (D)
  2 water moccasins (D)
  A swamp drake (D)
  A necrophage (D)
  2 centaurs (D)
  An earth elemental (D)
  A water elemental (D)
  32 killer bees (D)
  A jelly (D)
  2 orc priests (D)
  3 orc wizards (D)
  A wizard (D)
  A necromancer (D)
  3 humans (D)
  A kobold demonologist (D)
  A wolf (D)
  2 adders (D)
  11 orcs (D)
  4 rats (D)
122 creatures vanquished.

Vanquished Creatures (others)
  2 draconian scorchers (D)
  3 yaktaurs (D)
  6 hellions (D)
  8 plants (D)
19 creatures vanquished.

Grand Total: 141 creatures vanquished

Notes
Turn   | Place    | Note
-------+----------+-------------------------------------------
     0 | D        | Kidiri the Deep Elf Fire Elementalist began the quest for the Orb.
     0 | D        | Reached XP level 1. HP: 10/10 MP: 6/6
   100 | D        | Reached skill level 1 in Fighting
   100 | D        | Reached skill level 1 in Armour
   100 | D        | Reached skill level 4 in Spellcasting
   100 | D        | Reached XP level 2. HP: 13/16 MP: 1/9
   100 | D        | Killed a hellion
   104 | D        | Learned a level 2 spell: Throw Flame
   112 | D        | Killed a hellion
   132 | D        | Killed a white draconian scorcher
   157 | D        | Killed a hellion
   179 | D        | Reached skill level 5 in Spellcasting
   179 | D        | Reached XP level 3. HP: 15/21 MP: 4/11
   180 | D        | Killed a white draconian scorcher
   187 | D        | Learned a level 3 spell: Conjure Flame
   191 | D        | Learned a level 3 spell: Inner Flame
   213 | D        | Gained mutation: You tend to lose your temper in combat. [potion of mutation]
   213 | D        | Gained mutation: You are partially covered in thin metallic scales. (AC +2) [potion of mutation]
   214 | D        | Lost mutation: You tend to lose your temper in combat. [potion of mutation]
   214 | D        | Lost mutation: You are partially covered in thin metallic scales. (AC +2) [potion of mutation]
   214 | D        | Gained mutation: You are covered in fur. (AC +1) [potion of mutation]
   214 | D        | Gained mutation: Your mind is acute. (Int +2) [potion of mutation]
   214 | D        | Gained mutation: You have sharp fingernails. [potion of mutation]
   226 | D        | Killed a yaktaur
   245 | D        | Killed a hellion
   250 | D        | Killed a hellion
   252 | D        | Killed a yaktaur
   289 | D        | Noticed a water elemental
   291 | D        | Killed a water elemental
   291 | D        | Reached skill level 6 in Spellcasting
   291 | D        | Reached XP level 4. HP: 27/27 MP: 7/14
   297 | D        | Learned a level 4 spell: Sticky Flame
   341 | D        | Found a radiant altar of Vehumet.
   342 | D        | Noticed a wizard
   343 | D        | Killed a wizard
   343 | D        | Reached skill level 7 in Spellcasting
   343 | D        | Reached skill level 5 in Fire Magic
   345 | D        | Found a deep blue altar of Sif Muna.
   346 | D        | Reached skill level 5 in Dodging
   346 | D        | Reached XP level 5. HP: 31/32 MP: 2/17
   353 | D        | Learned a level 5 spell: Fireball
   354 | D        | Found an ancient bone altar of Kikubaaqudgha.
   356 | D        | Killed a hellion
   365 | D        | Became a worshipper of Vehumet
   442 | D        | Found a glowing silver altar of Zin.
   443 | D        | Found a glowing golden altar of the Shining One.
   443 | D        | Found a white marble altar of Elyvilon.
   443 | D        | Noticed a deep elf mage
   447 | D        | Killed a deep elf mage
   447 | D        | Reached skill level 10 in Spellcasting
   447 | D        | Reached XP level 6. HP: 39/39 MP: 10/21
   447 | D        | Reached XP level 7. HP: 44/44 MP: 10/23
   519 | D        | Found an ornate altar of the Wu Jian Council.
   519 | D        | Found a roughly hewn altar of Beogh.
   519 | D        | Found an iron altar of Okawaru.
   519 | D        | Found a bloodstained altar of Trog.
   519 | D        | Found a hide-covered altar of Uskayaw.
   519 | D        | Noticed a human
   521 | D        | Noticed a human
   524 | D        | Killed a human
   524 | D        | Reached skill level 11 in Spellcasting
   524 | D        | Killed a human
   524 | D        | Reached * piety under Vehumet
   524 | D        | Offered knowledge of Sting by Vehumet.
   541 | D        | Learned a level 1 spell: Sting
   651 | D        | Found a basalt altar of Yredelemnul.
   651 | D        | Found a shadowy altar of Dithmenos.
   651 | D        | Found a sacrificial altar of Ru.
   656 | D        | Reached skill level 5 in Fighting
   702 | D        | Noticed a shadow
   710 | D        | Reached ** piety under Vehumet
   710 | D        | Offered knowledge of Magic Dart by Vehumet.
   710 | D        | Reached skill level 5 in Armour
   710 | D        | Reached skill level 1 in Poison Magic
   712 | D        | Killed a shadow
   712 | D        | Reached skill level 12 in Spellcasting
   712 | D        | Reached XP level 8. HP: 49/49 MP: 10/26
   792 | D        | Learned a level 1 spell: Magic Dart
   794 | D        | Found a blossoming altar of Fedhas.
   794 | D        | Found a stormy altar of Qazlal.
   795 | D        | Found a snail-covered altar of Cheibriados.
   795 | D        | Found a burning altar of Makhleb.
   795 | D        | Found a hazy altar of Hepliaklqana.
   795 | D        | Found a shimmering altar of Xom.
   795 | D        | Found an opulent altar of Gozag.
   795 | D        | Found a sparkling altar of Nemelex Xobeh.
   795 | D        | Found a corrupted altar of Lugonu.
   795 | D        | Found a viscous altar of Jiyva.
   812 | D        | Reached skill level 5 in Short Blades
   884 | D        | Noticed Josephine
   894 | D        | Killed Josephine
   894 | D        | Offered knowledge of Searing Ray by Vehumet.
   894 | D        | Reached skill level 13 in Spellcasting
  1195 | D        | Reached *** piety under Vehumet
  1195 | D        | Reached XP level 9. HP: 16/55 MP: 1/28
  1411 | D        | Noticed a centaur warrior
  1415 | D        | Offered knowledge of Throw Icicle by Vehumet.
  1419 | D        | Killed a centaur warrior
  1419 | D        | Reached skill level 14 in Spellcasting
  1419 | D        | Reached skill level 5 in Poison Magic
  1712 | D        | Noticed an unseen horror
  1717 | D        | Killed an unseen horror
  1717 | D        | Reached **** piety under Vehumet
  1893 | D        | Noticed a queen bee
  1893 | D        | Offered knowledge of Bolt of Magma by Vehumet.
  1896 | D        | Reached skill level 10 in Dodging
  1900 | D        | Reached ***** piety under Vehumet
  1908 | D        | Reached XP level 10. HP: 58/61 MP: 12/30
  1908 | D        | Reached ****** piety under Vehumet
  1913 | D        | Reached skill level 15 in Spellcasting
  2138 | D        | Offered knowledge of Bolt of Draining by Vehumet.
  2138 | D        | Reached skill level 10 in Fire Magic
  2229 | D        | Noticed a spiny frog
  2229 | D        | Noticed a spiny frog
  2233 | D        | Killed a spiny frog
  2240 | D        | Killed a spiny frog
  2240 | D        | Reached skill level 16 in Spellcasting
  2376 | D        | Reached skill level 10 in Conjurations
  2742 | D        | Offered knowledge of Lightning Bolt by Vehumet.
  2754 | D        | Learned a level 5 spell: Lightning Bolt
  3033 | D        | Noticed a lindwurm
  3041 | D        | Killed a lindwurm
  3041 | D        | Reached skill level 1 in Air Magic
  3298 | D        | Reached XP level 11. HP: 68/68 MP: 33/33
  3299 | D        | Noticed Urug
  3417 | D        | Offered knowledge of Spellforged Servitor by Vehumet.
  3589 | D        | Found Yttimnig's Food Boutique.
  3589 | D        | Noticed an orc high priest
  3592 | D        | Offered knowledge of Iskenderun's Battlesphere by Vehumet.
  3594 | D        | Killed an orc high priest
  3594 | D        | Reached skill level 17 in Spellcasting
  3595 | D        | Noticed an orc high priest
  3597 | D        | Killed an orc high priest
  3688 | D        | Noticed a deep elf knight
  3688 | D        | Noticed a deep elf mage
  3688 | D        | Noticed a deep elf mage
  3688 | D        | Noticed a deep elf mage
  3688 | D        | Noticed a deep elf mage
  3692 | D        | Killed a deep elf mage
  3697 | D        | Killed a deep elf mage
  3699 | D        | Killed a deep elf knight
  3700 | D        | Killed a deep elf mage
  3701 | D        | Killed a deep elf mage
  3713 | D        | Noticed a deep elf mage
  3838 | D        | Noticed a deep elf high priest
  3843 | D        | Noticed a deep elf demonologist
  3844 | D        | Noticed a deep elf master archer
  3845 | D        | Killed a deep elf high priest
  4126 | D        | Noticed a sun demon
  4127 | D        | Killed a deep elf master archer
  4127 | D        | Reached skill level 10 in Short Blades
  4127 | D        | Reached skill level 18 in Spellcasting
  4127 | D        | Reached skill level 5 in Air Magic
  4131 | D        | Killed a deep elf demonologist
  4131 | D        | Reached XP level 12. HP: 76/76 MP: 4/36
  4256 | D        | Noticed a deep elf annihilator
  4256 | D        | Noticed a deep elf high priest
  4543 | D        | Noticed a deep elf demonologist
  4545 | D        | Killed a deep elf high priest
  4545 | D        | Offered knowledge of Iron Shot by Vehumet.
  4546 | D        | Killed a deep elf demonologist
  4888 | D        | Learned a level 6 spell: Iron Shot
  4997 | D        | Killed a deep elf annihilator
  4997 | D        | Reached skill level 1 in Earth Magic
  4997 | D        | Reached skill level 10 in Poison Magic
  5174 | D        | Noticed Rupert
  5178 | D        | Killed Rupert
  5178 | D        | Reached skill level 19 in Spellcasting
  5252 | D        | Noticed a death yak
  5253 | D        | Noticed a death yak
  5254 | D        | Noticed a death yak
  5258 | D        | Killed a death yak
  5259 | D        | Noticed a death yak
  5260 | D        | Killed a death yak
  5261 | D        | Killed a death yak
  5261 | D        | Offered knowledge of Ozocubu's Refrigeration by Vehumet.
  5263 | D        | Killed a death yak
  5718 | D        | Noticed an azure jelly
  5718 | D        | Noticed an azure jelly
  5749 | D        | Noticed an anaconda
  5749 | D        | Noticed an anaconda
  5750 | D        | Offered knowledge of Bolt of Fire by Vehumet.
  5751 | D        | Noticed an anaconda
  5752 | D        | Killed an anaconda
  5758 | D        | Killed an anaconda
  5760 | D        | Noticed an anaconda
  5765 | D        | Killed an anaconda
  5765 | D        | Reached XP level 13. HP: 8/82 MP: 15/38
  5766 | D        | Mangled by an anaconda

Vault maps used:
D:        dungeon_sprint_mu

Skill      XL: |  1  2  3  4  5  6  7  8  9 10 11 12 |
---------------+-------------------------------------+-----
Fighting       | 1 2 4 5 6 7 9 |  9.9
Armour         | 1 2 4 5 6 7 9 |  9.9
Dodging        | 3 4 5 7 8 9 10 11 12 13 | 13.8
Spellcasting   | 4 5 6 7 10 12 13 14 16 18 19 | 19.9
Conjurations   | 2 3 4 6 7 8 9 10 11 12 | 12.7
Fire Magic     | 4 5 6 7 8 9 10 11 12 | 12.9
Short Blades   | 3 4 6 7 8 10 11 | 11.2
Poison Magic   | 1 4 6 7 9 10 | 10.9
Air Magic      | 1 5 7 |  7.4
Earth Magic    | 4 |  4.6
Stealth        | |  2.4

Action                   |  1- 3 |  4- 6 |  7- 9 | 10-12 | 13-15 || total
-------------------------+-------+-------+-------+-------+-------++-------
Melee: Dagger            |       |       |       |     5 |       ||     5
       Rapier            |       |       |       |     2 |       ||     2
 Cast: Flame Tongue      |    16 |     2 |    45 |    83 |       ||   146
       Throw Flame       |     1 |       |     2 |     2 |       ||     5
       Conjure Flame     |     1 |       |     3 |     5 |       ||     9
       Sticky Flame      |       |     3 |     8 |    26 |       ||    37
       Fireball          |       |       |     6 |    16 |       ||    22
       Inner Flame       |       |       |     6 |     4 |       ||    10
       Magic Dart        |       |       |    50 |       |       ||    50
       Sting             |       |       |     1 |     3 |       ||     4
       Lightning Bolt    |       |       |       |    56 |       ||    56
       Iron Shot         |       |       |       |     8 |       ||     8
  Use: Scroll            |     3 |       |       |     1 |       ||     4
       Potion            |     2 |       |       |     2 |     1 ||     5
 Stab: Sleeping          |       |       |       |     1 |       ||     1
  Eat: Royal jelly       |       |       |     1 |    10 |       ||    11
       Chunk             |       |       |     1 |     1 |       ||     2
       Fruit             |       |       |     1 |       |       ||     1
Armor: Robe              |     1 |     1 |       |     3 |       ||     5
Dodge: Dodged            |     2 |       |    23 |    81 |     3 ||   109
